Map: Lightshade LE

Players

Grummelbär - Winner!

  • Race: Terran Terran
  • League: Platinum
  • Spawn Location: 5:00

Massa

  • Race: Terran Terran
  • League: Platinum
  • Spawn Location: 11:00

VOD

Have the link to the VOD?

Description

Time

  • Played on: Nov. 9, 2020, 9:57 a.m.
  • Length: 20:11
Show
View Real Time Build Order
Export as new Build Order

Grummelbär Terran - Winner!

Build Orders:  

Get SALT Encoding   

  12  0:00  SCV  
  13  0:12  SCV  
  14  0:18  Supply Depot  
  14  0:24  SCV  
  15  0:40  SCV  
  15  0:42  Barracks  
  16  0:47  Refinery  
  16  0:52  SCV  
  17  1:04  SCV  
  18  1:22  Barracks  
  18  1:26  SCV  
  18  1:32  Refinery  
  19  1:38  Supply Depot  
  20  1:41  Orbital Command  
  20  1:47  Reaper  
  20  2:07  SCV  
  21  2:10  Reaper  
  22  2:19  SCV  
  23  2:26  Reaper  
  24  2:33  Command Center  
  24  2:40  SCV  
  25  2:52  SCV  
  25  3:05  Reaper  
  25  3:06  Reaper  
  25  3:38  Reaper x2  
  27  3:56  SCV  
  27  3:58  Orbital Command, Factory  
  28  4:08  SCV  
  29  4:10  Reaper x2  
  29  4:15  Refinery  
  31  4:18  Refinery  
  31  4:20  SCV  
  32  4:32  SCV  
  29  4:43  SCV  
  29  4:44  SCV  
  31  4:50  Marine  
  31  4:51  Marine  
  32  4:53  Factory Tech Lab  
  32  4:55  SCV  
  32  4:56  SCV  
  32  4:59  Starport  
  34  5:03  Armory  
  34  5:07  SCV  
  34  5:08  Marine x2  
  34  5:09  SCV  
  34  5:11  Siege Tank  
  41  5:19  SCV  
  41  5:21  SCV  
  43  5:31  SCV  
  43  5:33  SCV  
  45  5:40  Fusion Core  
  45  5:41  Starport Tech Lab  
  45  5:43  SCV  
  46  6:03  Supply Depot  
  46  6:05  Supply Depot  
  46  6:10  Supply Depot x2  
  46  6:18  Terran Ship Weapons Level 1  
  46  6:19  Starport  
  46  6:25  SCV x2  
  48  6:26  Marine x2, Supply Depot  
  48  6:30  Supply Depot  
  50  6:37  SCV x2  
  52  6:44  Marine x2  
  52  6:46  Battlecruiser  
  60  6:49  SCV x2  
  62  6:58  Starport Tech Lab  
  62  7:01  SCV x2  
  64  7:02  Marine x2, Siege Tank  
  69  7:13  SCV x2  
  71  7:17  Battlecruiser  
  71  7:20  Command Center  
  71  7:21  Supply Depot  
  77  7:23  Supply Depot  
  77  7:25  SCV x2  
  77  7:29  Marine x2  
  81  7:37  SCV x2  
  83  7:47  Marine  
  83  7:48  Supply Depot  
  83  7:49  SCV x2  
  86  7:54  Battlecruiser  
  92  8:06  SCV x2  
  92  8:12  Terran Vehicle And Ship Armor Level 1  
  94  8:22  Battlecruiser  
  89  8:56  SCV x2  
  89  9:00  Refinery  
  91  9:03  Command Center  
  91  9:04  Refinery  
  91  9:08  SCV x2  
  93  9:10  Marine x2  
  93  9:14  Battlecruiser  
  101  9:20  SCV x2  
  101  9:21  Weapon Refit  
  101  9:22  Armory, Engineering Bay  
  103  9:28  Marine x2  
  105  9:32  SCV x2  
  107  9:38  Orbital Command  
  107  9:44  SCV x2  
  109  9:48  Marine x2  
  109  9:51  Missile Turret  
  111  9:55  Hi-Sec Auto Tracking  
  111  9:56  SCV x2, Missile Turret  
  111  9:59  Missile Turret  
  113  10:05  Marine  
  113  10:06  Marine  
  115  10:08  SCV x2  
  115  10:12  SCV  
  118  10:20  SCV x2, Missile Turret  
  120  10:30  Battlecruiser  
  120  10:31  Battlecruiser  
  120  10:33  Terran Ship Weapons Level 2  
  120  10:34  Terran Vehicle And Ship Armor Level 2  
  126  11:36  SCV x3  
  126  11:38  Planetary Fortress  
  126  11:39  Battlecruiser  
  141  11:40  Battlecruiser  
  141  12:04  SCV x2  
  143  12:27  SCV x4  
  143  12:28  Refinery  
  147  12:34  Refinery  
  147  12:39  SCV  
  147  12:43  Command Center  
  148  12:48  Supply Depot  
  148  12:49  Supply Depot x2  
  148  12:52  Supply Depot  
  148  13:10  SCV x2, Battlecruiser  
  148  13:11  SCV x2  
  158  13:15  Battlecruiser  
  164  13:22  SCV  
  164  13:23  SCV  
  166  13:59  Terran Ship Weapons Level 3  
  166  14:01  Starport x2  
  166  14:02  Terran Vehicle And Ship Armor Level 3  
  166  14:14  Battlecruiser  
  172  14:19  Battlecruiser  
  178  14:38  Starport  
  178  15:18  Battlecruiser  
  184  15:23  Battlecruiser  
  190  15:42  Starport Reactor x2  
  186  16:23  Battlecruiser  
  192  16:27  Starport Tech Lab  
  192  16:30  Viking  
  194  16:36  Refinery, Planetary Fortress  
  194  16:39  Refinery, Supply Depot  
  194  16:41  Supply Depot  
  194  16:44  Supply Depot  
  194  16:50  Supply Depot  
  194  17:00  Viking x3  
  198  17:10  Battlecruiser  
  194  17:27  Battlecruiser  
  195  18:48  SCV x3  
  196  18:49  SCV, Marine  
Show
View Real Time Build Order
Export as new Build Order

Massa Terran 

Build Orders: Reaper Expand 

Get SALT Encoding   

  12  0:00  SCV  
  13  0:12  SCV  
  14  0:22  Supply Depot  
  14  0:24  SCV  
  15  0:43  SCV  
  15  0:44  Barracks  
  15  0:49  Refinery  
  16  0:55  SCV  
  17  1:07  SCV  
  18  1:19  SCV  
  19  1:33  Orbital Command  
  19  1:34  Reaper  
  20  1:45  Command Center  
  20  1:58  SCV  
  20  2:00  Supply Depot  
  21  2:12  Barracks  
  21  2:27  Factory  
  21  2:35  Marine  
  22  3:07  Barracks Tech Lab  
  22  3:14  Hellion  
  22  3:15  Marine  
  21  3:33  Marine  
  21  3:42  Orbital Command  
  21  3:44  Hellion  
  21  3:45  Marauder  
  21  3:47  Stimpack  
  25  3:50  Marine  
  25  3:55  SCV  
  27  4:07  SCV  
  27  4:08  Marine  
  29  4:10  Factory Tech Lab  
  29  4:12  Marauder  
  31  4:19  SCV  
  32  4:26  Marine  
  33  4:41  SCV  
  33  4:42  SCV  
  35  4:53  Starport  
  35  4:54  SCV x2  
  37  5:02  Supply Depot  
  37  5:06  SCV x2  
  39  5:07  Engineering Bay  
  39  5:15  Command Center  
  39  5:18  SCV x2  
  39  5:19  Marauder, Marine  
  44  5:26  Refinery, Supply Depot  
  44  5:30  SCV x2  
  46  5:37  Refinery, Marine, Medivac  
  46  5:42  SCV x2  
  51  5:50  Supply Depot  
  51  5:54  SCV  
  52  6:00  Missile Turret  
  52  6:03  Missile Turret  
  52  6:06  Starport  
  52  6:13  Marine x2, Supply Depot  
  54  6:24  Liberator  
  57  6:27  SCV x2  
  57  6:30  Orbital Command  
  57  6:31  Marine x2  
  61  6:37  Cyclone  
  61  6:39  SCV x2  
  66  6:40  Refinery  
  66  6:49  Marine  
  69  6:55  Medivac  
  69  7:00  SCV  
  69  7:01  SCV  
  71  7:02  SCV  
  71  7:07  Viking  
  74  7:13  SCV  
  75  7:21  Supply Depot  
  75  7:22  Supply Depot  
  75  7:25  Viking  
  75  7:27  Barracks Tech Lab  
  75  7:28  Sensor Tower  
  75  7:29  Barracks Reactor  
  65  7:37  Viking  
  79  7:47  Combat Shield  
  79  7:49  Cyclone  
  82  7:57  Missile Turret  
  82  7:59  Terran Infantry Weapons Level 1  
  82  8:03  Viking  
  84  8:06  Marine x3  
  87  8:20  Missile Turret  
  87  8:23  Marine  
  87  8:24  Marine x2  
  70  8:37  Viking x2  
  74  8:41  Marine x2  
  74  8:42  Marauder  
  74  8:43  Missile Turret  
  74  8:46  Cyclone  
  81  8:53  Barracks  
  81  8:56  Barracks  
  81  8:59  Marine x2  
  81  9:01  Orbital Command  
  81  9:02  Sensor Tower  
  83  9:07  Viking x2  
  83  9:09  SCV x2  
  89  9:18  Siege Tank  
  89  9:21  SCV x2  
  89  9:24  Marauder, Marine x2  
  96  9:30  Missile Turret  
  98  9:33  SCV x3  
  101  9:41  Starport Tech Lab, Starport Reactor  
  101  9:42  Marine  
  101  9:43  Barracks Tech Lab  
  101  9:45  SCV x2, Marauder  
  104  9:46  Barracks Reactor, SCV  
  104  9:51  Missile Turret  
  107  9:53  Terran Infantry Armor Level 1  
  107  10:02  SCV x2, Sensor Tower  
  109  10:12  Supply Depot x2  
  109  10:13  Missile Turret  
  109  10:14  Supply Depot  
  109  10:17  Command Center  
  109  10:18  SCV x2  
  109  10:19  SCV  
  109  10:21  Siege Tank  
  105  10:30  SCV x2  
  105  10:31  SCV  
  105  10:35  Supply Depot  
  108  10:36  Supply Depot  
  108  10:40  Supply Depot  
  108  10:41  Viking x2  
  112  10:43  Viking  
  114  10:53  Refinery  
  114  10:54  Refinery  
  110  11:11  Viking x2  
  110  11:13  Viking  
  108  11:24  Marauder x2, Marine x3  
  108  11:25  Marine  
  112  11:35  SCV x3  
  115  11:41  Viking x2  
  115  11:42  Marine x2  
  115  11:43  Viking  
  115  11:45  Marauder  
  115  11:47  SCV x3  
  126  11:49  Armory  
  128  11:56  Engineering Bay  
  128  11:59  SCV, Orbital Command  
  129  12:01  SCV x2  
  129  12:04  Missile Turret  
  129  12:07  Missile Turret  
  131  12:11  SCV  
  131  12:13  SCV x2  
  134  12:23  SCV  
  134  12:24  Missile Turret, Siege Tank  
  134  12:25  SCV x2, Armory  
  134  12:29  Marauder x2, Marine x3, Missile Turret  
  147  12:32  Medivac  
  147  12:35  SCV  
  150  12:38  SCV  
  151  12:46  Missile Turret  
  151  12:47  Mag-Field Accelerator  
  151  12:50  Marauder, Concussive Shells, Missile Turret  
  142  13:12  Missile Turret  
  142  13:16  SCV x2  
  142  13:17  SCV x2  
  146  13:28  SCV  
  146  13:29  SCV  
  148  13:35  Marauder, Marine  
  148  13:36  Marauder, Marine x3  
  156  13:44  Missile Turret  
  156  13:53  Supply Depot x3  
  156  13:56  Supply Depot x3  
  156  13:59  Terran Infantry Armor Level 2, Supply Depot  
  156  14:04  Missile Turret  
  156  14:14  SCV x4, Marine, Medivac x2, Siege Tank  
  156  14:15  Marauder, Viking  
  172  14:24  Missile Turret  
  172  14:25  Terran Vehicle And Ship Armor Level 1  
  172  14:26  Smart Servos, Terran Ship Weapons Level 1, SCV  
  173  14:43  Sensor Tower  
  173  14:44  Viking, Medivac  
  177  14:46  Siege Tank  
  177  14:53  Refinery  
  177  14:56  Refinery  
  150  15:17  Viking x3  
  150  15:19  Siege Tank  
  98  15:47  Viking x3  
  98  15:48  Starport x2  
  98  15:49  Starport  
  93  15:58  Command Center  
  68  16:17  Viking x3  
  72  16:28  Marauder, Marine x3  
  72  16:30  Missile Turret x3  
  72  16:31  Missile Turret, Siege Tank  
  72  16:32  Missile Turret x2  
  80  16:33  Missile Turret x2  
  80  16:35  Starport Tech Lab, Starport Reactor  
  80  16:37  Viking  
  82  16:46  Marine x3  
  85  16:47  Viking x3  
  85  16:49  Marauder  
  88  17:03  Marine, Siege Tank  
  88  17:04  Marine x2  
  88  17:07  Viking  
  92  17:11  Marauder  
  94  17:16  Viking x2  
  94  17:17  Viking x2  
  94  17:21  Marine  
  94  17:22  Marine x2  
  77  17:32  Marauder  
  59  17:37  Orbital Command  
  59  17:39  Marine  
  59  17:40  Marine  
  54  17:50  Marine  
  51  17:53  Marauder  
  51  17:57  Marine  
  54  18:04  Command Center  
  48  18:14  SCV  
  48  18:15  Marauder  
  51  18:26  SCV  
  34  18:36  Marauder  
  34  18:38  SCV  
  35  18:50  SCV  
  30  19:13  Engineering Bay  
  17  19:42  Barracks x2  
  17  19:44  Barracks x3  
  17  19:46  Barracks  
  17  19:47  Barracks  
  17  19:48  SCV, Barracks  
  18  19:57  Refinery  
  18  19:59  Refinery  
Tags
 
Matchup
TvT
Race
Terran
Replay Pack
Multiplayer
Spawn Locations
Cross Positions
Add a new tag
Caveats
  • Supply blocks, unpowered buildings, or Contaminate may cause inaccurate times.
  • Supply counts are checked every 10 seconds.